 Dungeon Crawl Stone Soup version 0.28-a0-476-g0f06bd746f (webtiles) character file.

Game seed: 2725586589987185300

35 snetch the Magician (level 3, -1/21 HPs)
             Began as an Octopode Hedge Wizard on Sept 16, 2021.
             Was a Believer of Qazlal.
             Slain by a goblin (7 damage)
             ... led by Robin
             ... on level 1 of the Dungeon.
             The game lasted 00:04:13 (1267 turns).

snetch the Magician (Octopode Hedge Wizard)         Turns: 1267, Time: 00:04:14

Health: -1/21      AC:  1    Str:  9    XL:     3   Next: 35%
Magic:  8/8        EV: 13    Int: 17    God:    Qazlal [**....]
Gold:   12         SH:  2    Dex: 11    Spells: 2/9 levels left

rFire   . . .      SeeInvis .   a - +0 dagger
rCold   + . .      Faith    .   (no shield)
rNeg    . . .      Spirit   .   b - +0 hat
rPois   .          Reflect  .   (no amulet)
rElec   .          Harm     .   e - ring of protection from cold
rCorr   .          Rampage  .   (no ring)
Will    .....                   (no ring)
Stlth   +++.......              (no ring)
HPRegen 0.07/turn               (no ring)
MPRegen 0.11/turn               (no ring)
                                (no ring)
                                (no ring)

@: no status effects
A: almost no armour, amphibious, 8 rings, camouflage 1, gelatinous body 1,
(nimble swimmer 1), tentacles
a: Renounce Religion, Upheaval


You were on level 1 of the Dungeon.
You worshipped Qazlal.
Qazlal was pleased with you.
You visited 1 branch of the dungeon, and saw 2 of its levels.

You collected 12 gold pieces.

Inventory:

Hand Weapons
 a - a +0 dagger (weapon)
Missiles
 h - 21 bolts
 i - 14 stones
Armour
 b - a +0 hat (worn)
Jewellery
 e - a ring of protection from cold (left tentacle)
Scrolls
 f - a scroll of teleportation {unknown}
 g - a scroll of amnesia {unknown}
Potions
 c - 2 potions of invisibility {unknown}
 d - 2 potions of brilliance {unknown}


   Skills:
 + Level 0.2 Fighting
 + Level 2.1 Dodging
 + Level 2.8 Stealth
 + Level 3.8 Spellcasting
 + Level 1.3 Conjurations
 + Level 1.1 Summonings
 + Level 1.0 Translocations


You had 2 spell levels left.
You knew the following spells:

 Your Spells              Type           Power      Damage    Failure   Level
a - Magic Dart            Conj           28%        1d4       10%         1
b - Blink                 Tloc           N/A        N/A       16%         2
c - Call Imp              Summ           7%         N/A       16%         2
d - Slow                  Hex            3%         N/A       24%         2

Your spell library contained the following spells:

 Spells                   Type           Power      Damage    Failure   Level
 Conjure Flame            Conj/Fire      5%         6-21      36%         3
 Mephitic Cloud           Conj/Pois/Air  4%         N/A       38%         3


Dungeon Overview and Level Annotations

Branches:
Dungeon (2/15)

Altars:
Qazlal

Annotations:
D:2 Robin


Innate Abilities, Weirdness & Mutations

You cannot wear most types of armour.
You are amphibious.
You can wear up to eight rings at the same time.
Your skin changes colour to match your surroundings (Stealth+).
Your rubbery body absorbs attacks. (AC +1, EV +1)
((You are camouflaged near water. (Stealth+)))
You have tentacles for arms and can constrict up to eight enemies at once.


Message History

There is a stone staircase leading down here.
You start resting.
HP restored.
You climb downwards.
Level annotation: Robin Robin roars a battlecry!
The goblins go into a battle-frenzy!
You block the goblin's attack. The goblin hits you with a +0 club.
The goblin completely misses you.
Robin's horned helmet rattles.
The goblin barely misses you.
There is a stone staircase leading up, spattered with blood here.
The goblin hits you with a +0 club. The goblin closely misses you.
The goblin misses you.
You climb upwards.
There is a stone staircase leading down here.
Unknown command.
You hit the goblin but do no damage. Your grab misses the goblin.
Your squeeze misses the goblin. The goblin hits you but does no damage.
The goblin barely misses you.
Unknown command.
You closely miss the goblin. You grab the goblin. You squeeze the goblin.
You kill the goblin!
Qazlal accepts your kill. The goblin hits you with a +0 club.
* * * LOW HITPOINT WARNING * * *
Unknown command.
You hit the goblin. You grab the goblin.
The goblin is severely wounded.
You constrict the goblin.
You kill the goblin!
Qazlal accepts your kill. The goblin barely misses you.
You hit the goblin. Your grab misses the goblin.
The goblin is heavily wounded.
The goblin misses you.
You closely miss the goblin. Your grab misses the goblin.
The goblin is heavily wounded.
The goblin hits you with a +0 club!
You die...

.....†.....#####
##.............#
...###......#... #
##........#.
######.........#
...............#
######.........#
#.########........#
#.....g@).......#..
#.#########.........
#.##.##### #.# .#
#.# # #.. ###


You could see a goblin (strong).

Vanquished Creatures
  A ball python (D:1)
  A bat (D:1)
  3 endoplasms (D:1)
  2 giant cockroaches
  9 goblins (D:1)
  3 hobgoblins
  A quokka (D:1)
  3 frilled lizards
  2 kobolds (D:1)
  3 rats
28 creatures vanquished.

Vanquished Creatures (collateral kills)
  2 goblins (D:1)
2 creatures vanquished.

Grand Total: 30 creatures vanquished

Notes
Turn   | Place    | Note
-------+----------+-------------------------------------------
     0 | D:1      | snetch the Octopode Hedge Wizard began the quest for the
                  | Orb.
     0 | D:1      | Reached XP level 1. HP: 11/11 MP: 4/4
   305 | D:1      | Reached XP level 2. HP: 17/17 MP: 3/6
   377 | D:1      | Learned a level 2 spell: Blink
   380 | D:1      | Learned a level 2 spell: Call Imp
   383 | D:1      | Learned a level 2 spell: Slow
   400 | D:2      | Found a faded altar of an unknown god.
   408 | D:2      | Became a worshipper of Qazlal Stormbringer
   408 | D:2      | Reached * piety under Qazlal
   918 | D:1      | Reached XP level 3. HP: 21/21 MP: 0/8
   941 | D:2      | Noticed Robin
  1016 | D:1      | Reached ** piety under Qazlal
  1267 | D:1      | Slain by a goblin

Illustrated notes

Levels and vault maps discovered:
D:1:      beargit_arrival_greenhouse, layout_loops_ring, minmay_pentomino_p2
D:2:      layout_rooms, dreamdust_ecumenical_altar_statues, uniq_robin

Action                   || total
-------------------------++-------
Melee: Dagger            ||    29
       Constrict         ||    10
       Tentacles         ||     4
 Cast: Magic Dart        ||    45
       Call Imp          ||     2
Armor: Skin              ||     3
Dodge: Dodged            ||    26
Block: Other             ||     2

Table legend: (Time is in decaauts)
 A = Elapsed time spent in this place.
 B = Non-inter-level travel time spent in this place.
 C = Inter-level travel time spent in this place.
 D = Time resting spent in this place.
 E = Time spent auto-exploring this place.
 F = Levels seen in this place.
 G = Mean time per level.
                   A        B        C        D        E       F      G
               +--------+--------+--------+--------+--------+-----+--------+
         Total |   1271 |   1271 |      0 |    440 |    536 |   2 |  635.5 |
       Dungeon |   1271 |   1271 |      0 |    440 |    536 |   2 |  635.5 |
               +--------+--------+--------+--------+--------+-----+--------+

Top non-repeatable levels by time:
     D:1: 1110 daAuts
     D:2: 161 daAuts
